 Dungeon Crawl Stone Soup version 0.28.0-43-g3370ac3207 (webtiles) character file.

Game seed: 3442160588277063003

678 vvl the Chiller (level 7, -1/50 HPs)
             Began as a Demonspawn Ice Elementalist on Mar 14, 2022.
             Slain by a phantom (7 damage)
             ... on level 5 of the Dungeon.
             The game lasted 00:11:11 (7146 turns).

vvl the Chiller (Demonspawn Ice Elementalist)       Turns: 7146, Time: 00:11:12

Health: -1/50      AC:  4    Str:  9    XL:     7   Next: 34%
Magic:  12/12      EV: 12    Int: 18    God:
Gold:   232        SH:  0    Dex: 13    Spells: 12/13 levels left

rFire   . . .      SeeInvis .   m - +2 quarterstaff (chaos)
rCold   . . .      Faith    .   (shield currently unavailable)
rNeg    . . .      Spirit   .   a - +0 robe
rPois   .          Reflect  .   (helmet restricted)
rElec   .          Harm     .   b - +0 cloak
rCorr   .          Rampage  .   (no gloves)
Will    .....                   (no boots)
Stlth   ++........              (no amulet)
HPRegen 0.16/turn               (no ring)
MPRegen 0.13/turn               (no ring)

@: no status effects
A: horns 2, sharp scales 1
a: no special abilities


You were on level 5 of the Dungeon.
You visited 1 branch of the dungeon, and saw 5 of its levels.

You collected 232 gold pieces.

Inventory:

Hand Weapons
 c - a +1 vampiric hand axe
 k - a +0 flail
 m - a +2 quarterstaff of chaos (weapon)
 o - a +3 mace
 q - a +1 whip of draining
Armour
 a - a +0 robe (worn)
 b - a +0 cloak (worn)
 d - a +0 ring mail
Scrolls
 f - a scroll of blinking {unknown}
 g - 2 scrolls of magic mapping {unknown}
 h - 4 scrolls of identify {unknown}
 l - 3 scrolls of vulnerability {unknown}
 n - a scroll of noise {unknown}
 p - a scroll of enchant armour {unknown}
Potions
 e - 4 potions of curing {unknown}
 i - a potion of cancellation {unknown}
 j - 2 potions of lignification {unknown}


   Skills:
 - Level 2.0 Fighting
 + Level 2.2 Armour
 - Level 2.0 Dodging
 - Level 2.0 Stealth
 + Level 3.7 Spellcasting
 + Level 3.4 Necromancy
 * Level 5.8 Ice Magic


You had 12 spell levels left.
You knew the following spells:

 Your Spells              Type           Power      Damage    Failure   Level
a - Freeze                Ice            96%        1d11      1%          1

Your spell library contained the following spells:

 Spells                   Type           Power      Damage    Failure   Level
 Frozen Ramparts          Ice            48%        1d6       4%          3
 Ozocubu's Armour         Ice            24%        N/A       4%          3
 Vampiric Draining        Necr           15%        2d7       11%         3
 Hailstorm                Conj/Ice       13%        3d5       41%         4
 Simulacrum               Ice/Necr       10%        N/A       98%         6
 Death's Door             Necr           7%         N/A       100%        9


Dungeon Overview and Level Annotations

Branches:
Dungeon (5/15)
 Temple: D:4-7

Altars:
Okawaru
Ru
Xom


Innate Abilities, Weirdness & Mutations

You have a pair of horns on your head.
You are partially covered in razor-sharp scales. (AC +1, Slay +1)


Message History

The centaur skeleton is heavily damaged.
The centaur skeleton hits you.
The centaur skeleton kicks you but does no damage.
The phantom misses you. The centaur skeleton hits you.
The centaur skeleton misses you.
You sock the centaur skeleton! You burn the centaur skeleton.
The centaur skeleton is almost destroyed.
The centaur skeleton hits you.
The centaur skeleton closely misses you.
The phantom hits you.
The phantom blinks!
You blink.
The phantom hits you.
You are too injured to fight recklessly!
Unknown command.
You hit the phantom.
The phantom is lightly damaged.
The phantom misses you.
You sock the phantom!
The phantom flickers and vanishes!
Deactivating autopickup; reactivate with Ctrl-A.
Something hits you!
You blink.
You hit the centaur skeleton.
You destroy the centaur skeleton!
Something hits you but does no damage. Something hits you. Something hits you!
* * * LOW HITPOINT WARNING * * *
You blink.
There is a strange disturbance nearby!
There is a stone staircase leading up here.
You climb upwards.
Reactivating autopickup.
There is a stone staircase leading down here.
Something hits you but does no damage.
Deactivating autopickup; reactivate with Ctrl-A.
You climb downwards.
Reactivating autopickup.
There is a stone staircase leading up here.
You start resting.
Something hits you!
* * * LOW HITPOINT WARNING * * *
Deactivating autopickup; reactivate with Ctrl-A.
You blink.
You sock something! Lightning courses through something! Something hits you!
You die...

#......(###..##
.........######
..###......# ###
...(..#.......###.###
...##..#............#
..................###
......(##.........#
#......##......ยง<#
#..#.......@...##
#..........#.## ...#
#.....###....##
....####.##..#......#
#...........###.[.###
#.....#....######.#
......##......#####
......####......#
........#...#..##


There were no monsters in sight!

Vanquished Creatures
  Duvessa (D:4)
  A kobold brigand (D:5)
  Dowan (D:4)
  Crazy Yiuf (D:3)
  A bullfrog skeleton (D:4)
  2 jellies (D:4)
  A centaur skeleton (D:5)
  2 hounds (D:4)
  An iguana (D:4)
  Terence (D:3)
  Robin (D:3)
  4 adders
  An adder skeleton (D:4)
  5 worms
  3 dart slugs
  7 orcs
  11 endoplasms
  2 giant cockroaches
  14 goblins
  13 hobgoblins
  7 jackals
  3 quokkas
  9 ball pythons
  5 bats
  4 frilled lizards
  A hobgoblin zombie (D:5)
  11 kobolds
  3 kobold zombies (D:5)
  5 rats
121 creatures vanquished.

Notes
Turn   | Place    | Note
-------+----------+-------------------------------------------
     0 | D:1      | vvl the Demonspawn Ice Elementalist began the quest for the
                  | Orb.
     0 | D:1      | Reached XP level 1. HP: 13/13 MP: 3/3
   628 | D:1      | Gained mutation: You are partially covered in razor-sharp
                  | scales. (AC +1, Slay +1) [demonic ancestry]
   628 | D:1      | Reached XP level 2. HP: 20/20 MP: 3/5
   920 | D:1      | Got Kikubaaqudgha's Almanac of Darkness
  1092 | D:1      | Reached skill level 1 in Fighting
  1095 | D:1      | Reached skill level 4 in Ice Magic
  1170 | D:1      | Gained mutation: You have a pair of small horns on your
                  | head. [demonic ancestry]
  1170 | D:1      | Reached XP level 3. HP: 26/26 MP: 3/6
  1215 | D:1      | You fall into a shaft and drop 1 floor!
  1819 | D:2      | Reached XP level 4. HP: 31/32 MP: 0/7
  1828 | D:2      | Reached skill level 1 in Necromancy
  1900 | D:2      | Found an iron altar of Okawaru.
  2443 | D:3      | Noticed Terence
  2485 | D:3      | Killed Terence
  2905 | D:3      | Found a runed translucent door.
  2906 | D:3      | Noticed Crazy Yiuf
  2980 | D:3      | Noticed Robin
  2988 | D:3      | Reached XP level 5. HP: 33/38 MP: 1/9
  3203 | D:4      | Noticed Duvessa
  3203 | D:4      | Noticed Dowan
  3245 | D:3      | Killed Robin
  3720 | D:3      | Killed Crazy Yiuf
  3960 | D:4      | Reached skill level 1 in Armour
  3960 | D:4      | Reached XP level 6. HP: 26/44 MP: 6/10
  4105 | D:4      | Found a shimmering altar of Xom.
  4283 | D:4      | Reached skill level 5 in Ice Magic
  5827 | D:4      | Killed Duvessa
  6344 | D:4      | Killed Dowan
  6345 | D:4      | Gained mutation: You have a pair of horns on your head.
                  | [demonic ancestry]
  6345 | D:4      | Reached XP level 7. HP: 49/50 MP: 9/12
  6678 | D:4      | Found a sacrificial altar of Ru.
  6839 | D:5      | Entered Level 5 of the Dungeon
  7146 | D:5      | Slain by a phantom

Illustrated notes

Levels and vault maps discovered:
D:1:      zelgadis_glass_arrival_small, layout_loops_cross,
          hellmonk_ecumenical_altar_prayer_group, minivault_11, grunt_decor_cap,
          st_stairs_9
D:2:      minmay_razor_zed, layout_rooms, basic_altar
D:3:      layout_rooms, uniq_crazy_yiuf_cottage, uniq_terence, uniq_robin
D:4:      layout_cave_pods, amcnicky_altar_gilded, kennysheep_mini, uniq_duvessa
D:5:      layout_cave_pools, lemuel_temple_firewalk_a, st_stairs_4,
          minmay_mini_ossuary

Skill      XL: |  1  2  3  4  5  6  7 |
---------------+----------------------+-----
Dodging        | 2 |  2.0
Stealth        | 2 |  2.0
Fighting       | 1 2 |  2.0
Ice Magic      | 4 5 |  5.8
Necromancy     | 1 2 3 |  3.4
Spellcasting   | 3 |  3.7
Armour         | 1 2 |  2.2

Action                   |  1- 3 |  4- 6 |  7- 9 || total
-------------------------+-------+-------+-------++-------
Melee: Unarmed           |    13 |       |       ||    13
       Short sword       |    22 |    32 |       ||    54
       Headbutt          |     4 |    11 |     5 ||    20
       Punch             |     1 |       |       ||     1
       Quarterstaff      |       |    39 |    32 ||    71
 Cast: Freeze            |    69 |    92 |    14 ||   175
 Stab: Sleeping          |       |     2 |       ||     2
Armor: Robe              |    25 |    32 |    12 ||    69
Dodge: Dodged            |    56 |    99 |    27 ||   182
